 Dungeon Crawl Stone Soup version 0.20.1-1-g8b1a95d (webtiles) character file.

399 ReignOfFire the Slasher (level 6, 0/46 HPs)
             Began as a Demonspawn Gladiator on Aug 3, 2017.
             Killed from afar by oldnick's ghost (2 damage)
             ... with a sting
             ... on level 4 of the Dungeon.
             The game lasted 00:05:20 (3054 turns).

ReignOfFire the Slasher (Demonspawn Gladiator)      Turns: 3054, Time: 00:05:23

Health: 0/46       AC:  4    Str: 14    XL:     6   Next: 53%
Magic:  6/6        EV: 13    Int:  9    God:
Gold:   172        SH:  0    Dex: 17    Spells: 5/5 levels left

rFire    . . .     SeeInvis .   a - +0 long sword
rCold    + . .     Gourm    .   (no shield)
rNeg     . . .     Faith    .   b - +0 leather armour
rPois    .         Spirit   .   c - +0 helmet
rElec    .         Reflect  .   s - scarf {cloud immunity}
rCorr    .         Harm     .   (no gloves)
MR       .....                  (no boots)
Stlth    +.........             (no amulet)
Regen    0.2/turn               (no ring)
MPRegen  0.1/turn               (no ring)

@: lethally poisoned (0 -> -4)
A: hooves 2, cold resistance 1, demonic guardian 1
a: no special abilities


You were on level 4 of the Dungeon.
You were not hungry.

You visited 1 branch of the dungeon, and saw 4 of its levels.

You collected 172 gold pieces.

Inventory:

Hand Weapons
 a - a +0 long sword (weapon)
Missiles
 d - 2 throwing nets (quivered)
Armour
 b - a +0 leather armour (worn)
 c - a +0 helmet (worn)
 s - a scarf of cloud immunity (worn)
Jewellery
 k - an uncursed amulet of harm
 l - an uncursed ring of protection from cold {unknown}
Scrolls
 h - a scroll of amnesia {unknown}
 j - a scroll of enchant weapon {unknown}
 m - 3 scrolls of remove curse {unknown}
 n - 2 scrolls of identify {unknown}
 o - a scroll of blinking {unknown}
 p - 2 scrolls of teleportation {unknown}
 r - 2 scrolls of recharging {unknown}
Potions
 e - 2 potions of flight
 i - a potion of curing {unknown}
 u - a potion of magic {unknown}
 v - a potion of lignification {unknown}
Comestibles
 f - 3 bread rations
 q - a royal jelly
 t - a chunk of flesh


   Skills:
 + Level 2.8 Fighting
 + Level 5.1 Long Blades
 + Level 1.9 Throwing
 + Level 2.2 Armour
 + Level 3.6 Dodging
 + Level 1.4 Stealth


You had 5 spell levels left.
You didn't know any spells.

Dungeon Overview and Level Annotations

Branches:
Dungeon (4/15)
 Temple: D:4-7

Altars:
The Shining One

Annotations:
D:4 oldnick's ghost, amateur OpVM


Innate Abilities, Weirdness & Mutations

You have hoof-like feet.
Your flesh is cold resistant. (rC+)
A weak demonic guardian rushes to your aid.


Message History

Your ufetubus hits the orc but does no damage.
The orc misses your ufetubus.
Your ufetubus barely misses the orc. x2
The orc hits your ufetubus but does no damage.
Your ufetubus hits the orc.
Your ufetubus closely misses the orc.
You swap places.
* * * LOW HITPOINT WARNING * * *
You feel sick. Something closely misses your ufetubus.
There is a stone staircase leading up here.
Things that are here:
a dagger; a robe; a jackal corpse It was a potion of flight.
You feel very buoyant.
You fly up into the air.
It was a potion of cancellation.
Your magical effects are unravelling.
You feel magically purged.
You float gracefully downwards.
Oldnick's ghost stares at you and mumbles some strange words.
The sting hits you!
You are more poisoned.
You die...

### ##.## ##...##
##.....## #.......##
##........#
##..)......##
##...@†......#
#............# ...
##............## #...
##.......5W.....##...
#.†.............#..#
##...............#.#
#..........$..5....#
##.............o...##
#..................#


You could see oldnick's ghost, an orc, a friendly shadow imp and a friendly
ufetubus.

Vanquished Creatures
  The ghost of Zaque the Insei, an amateur OpTm of Jiyva (D:3)
  A centaur skeleton (D:3)
  2 orc wizards (D:3)
  3 gnolls
  2 oozes
  3 dart slugs
  7 leopard geckos
  5 orcs (D:3)
  9 bats
  4 giant cockroaches
  6 hobgoblins
  4 jackals
  8 kobolds
  5 frilled lizards
  7 goblins
  5 rats
72 creatures vanquished.

Vanquished Creatures (collateral kills)
  A sky beast (D:4)
  3 orc wizards
  An adder (D:2)
  3 orcs (D:4)
  A giant cockroach (D:3)
  A jackal (D:4)
  A kobold (D:3)
  A rat (D:3)
12 creatures vanquished.

Vanquished Creatures (others)
  A jackal (D:4)
1 creature vanquished.

Grand Total: 85 creatures vanquished

Notes
Turn   | Place    | Note
-------+----------+-------------------------------------------
     0 | D:1      | ReignOfFire the Demonspawn Gladiator began the quest for the Orb.
     0 | D:1      | Reached XP level 1. HP: 16/16 MP: 1/1
   166 | D:1      | Gained mutation: Your flesh is cold resistant. (rC+) [demonic ancestry]
   166 | D:1      | Reached XP level 2. HP: 22/22 MP: 2/2
   168 | D:1      | Reached skill level 3 in Long Blades
   394 | D:1      | Found a glowing golden altar of the Shining One.
   729 | D:1      | Gained mutation: A weak demonic guardian rushes to your aid. [demonic ancestry]
   729 | D:1      | Reached XP level 3. HP: 27/27 MP: 3/3
  1365 | D:2      | Gained mutation: You have large cloven feet. [demonic ancestry]
  1365 | D:2      | Reached XP level 4. HP: 29/34 MP: 4/4
  1998 | D:3      | Reached skill level 1 in Armour
  2074 | D:3      | Noticed Zaque's ghost (amateur OpTm)
  2088 | D:3      | Killed Zaque's ghost
  2088 | D:3      | Reached skill level 4 in Long Blades
  2088 | D:3      | Reached skill level 1 in Stealth
  2088 | D:3      | Gained mutation: You have hoof-like feet. [demonic ancestry]
  2088 | D:3      | Reached XP level 5. HP: 13/39 MP: 5/5
  2547 | D:3      | Reached XP level 6. HP: 24/46 MP: 6/6
  2999 | D:4      | Noticed a sky beast
  3016 | D:4      | Killed a sky beast
  3016 | D:4      | Reached skill level 5 in Long Blades
  3017 | D:4      | HP: 1/46 [orc/short sword (7)]
  3039 | D:4      | Noticed oldnick's ghost (amateur OpVM)
  3049 | D:4      | HP: 2/46 [poisoned by oldnick's ghost (sting)]
  3054 | D:4      | Killed from afar by oldnick's ghost

Skill      XL: |  1  2  3  4  5  6 |
---------------+-------------------+-----
Long Blades    | 3 4 5 |  5.1
Dodging        | 3 |  3.6
Armour         | 1 2 |  2.2
Stealth        | 1 |  1.4
Fighting       | |  2.8
Throwing       | |  1.9

Action                   |  1- 3 |  4- 6 || total
-------------------------+-------+-------++-------
Melee: Long sword        |    95 |    91 ||   186
       Kick              |       |    38 ||    38
Throw: Throwing net      |       |     1 ||     1
  Use: Potion            |       |     2 ||     2
 Stab: Sleeping          |     1 |     1 ||     2
       Held in net/web   |       |     1 ||     1
  Eat: Chunk             |     2 |     5 ||     7
Armor: Leather armour    |    36 |    24 ||    60
Dodge: Dodged            |    75 |    84 ||   159
       Rpst.: Long sword |    24 |    25 ||    49
